 Dungeon Crawl Stone Soup version 0.31.0-11-ge490571c62 (webtiles) character file.

Game seed: 5750726818329706014

8 browni3141 the Shooter (level 2, 22/22 HPs)
             Began as a Demonspawn Hunter on Jan 31, 2024.
             Got out of the dungeon alive.
             The game lasted 00:00:12 (98 turns).

browni3141 the Shooter (Demonspawn Hunter)            Turns: 98, Time: 00:00:13

Health: 22/22      AC:  3    Str: 11    XL:     2   Next: 0%
Magic:  2/2        EV: 12    Int:  9    God:
Gold:   19         SH:  0    Dex: 16    Spells: 1/1 levels left

rFire   . . .        a - +0 shortbow
rCold   . . .        (shield currently unavailable)
rNeg    . . .        c - +0 leather armour
rPois   .            (no helmet)
rElec   .            (no cloak)
rCorr   .            (no gloves)
SInv    .            (no boots)
Will    .....        (no amulet)
Stlth   ++           (no ring)
HPRegen 0.23/turn    (no ring)
MPRegen 0.08/turn

%: no passive effects
@: no status effects
A: sturdy frame 1
a: no special abilities


You escaped.
You visited 1 branch of the dungeon, and saw 1 of its levels.

You collected 19 gold pieces.

Inventory:

Hand Weapons
 a - a +0 shortbow (weapon)
Armour
 c - a +0 leather armour (worn)
Scrolls
 b - a scroll of butterflies
Potions
 d - a potion of curing {unknown}


   Skills:
 + Level 2.1 Fighting
 + Level 3.7 Ranged Weapons
 + Level 2.0 Dodging
 + Level 1.2 Stealth


You had one spell level left.
You didn't know any spells.
Your spell library was empty.

Dungeon Overview and Level Annotations

Branches:
Dungeon (1/15)

Altars:

Annotations:
D:1 2 transporters


Innate Abilities, Weirdness & Mutations

Your movements are slightly less encumbered by armour. (ER -2)


Message History

You shoot an arrow. The arrow closely misses the bat.
The bat hits you.
A bat is nearby!
A bat is nearby!
You shoot an arrow. The arrow closely misses the bat.
The bat closely misses you. The bat hits you but does no damage.
You shoot an arrow. The arrow barely misses the bat.
The bat barely misses you.
A bat is nearby!
You shoot an arrow. The arrow hits the bat.
The bat is moderately wounded.
The bat closely misses you.
A bat is nearby!
You shoot an arrow. The arrow hits the bat.
The bat is heavily wounded.
The bat barely misses you.
A bat is nearby!
You shoot an arrow. The arrow closely misses the bat.
The bat barely misses you.
A bat is nearby!
A bat is nearby!
You shoot an arrow. The arrow closely misses the bat.
The bat hits you but does no damage.
You shoot an arrow. The arrow closely misses the bat.
The bat barely misses you.
A bat is nearby!
You shoot an arrow. The arrow completely misses the bat.
The bat closely misses you.
A bat is nearby!
You shoot an arrow. The arrow closely misses the bat.
The bat barely misses you.
A bat is nearby!
You shoot an arrow. The arrow barely misses the bat.
The bat hits you but does no damage.
A bat is nearby!
You shoot an arrow. The arrow barely misses the bat.
The bat closely misses you.
A bat is nearby!
You shoot an arrow. The arrow hits the bat!
You kill the bat!
No target in view!
No target in view!
No target in view!
You now have 19 gold pieces (gained 12).
Found a stone staircase leading down.
No target in view!
You see here a +1 dagger of electrocution.
Key pressed, stopping explore.
No target in view!
No target in view!
A ball python comes into view.
A ball python is nearby!
You shoot an arrow.
The arrow closely misses the ball python.
The ball python hisses angrily.
A ball python is nearby!
You shoot an arrow.
The arrow closely misses the ball python.
A ball python is nearby!
You shoot an arrow. The arrow hits the ball python.
You kill the ball python!
No target in view!
No target in view!
A quokka comes into view.
A quokka is nearby!
A quokka is nearby!
You shoot an arrow. The arrow hits the quokka.
The quokka is heavily wounded.
You shoot an arrow. The arrow misses the quokka.
The quokka twitches its whiskers.
A quokka is nearby!
You shoot an arrow. The arrow hits the quokka.
You kill the quokka!
No target in view!
No target in view!
No target in view!
A goblin comes into view. It is wielding a +0 dagger.
A goblin is nearby!
A goblin is nearby!
You shoot an arrow. The arrow hits the goblin!
You kill the goblin!
Your Dodging skill increases to level 2!
No target in view!
No target in view!
No target in view!
No target in view!
No target in view!
A kobold comes into view. It is wielding a +0 club.
A kobold is nearby!
A kobold is nearby!
A kobold is nearby!
A kobold is nearby!
You shoot an arrow. The arrow hits the kobold.
You kill the kobold!
You have reached level 2!
Your demonic ancestry asserts itself...
You feel less encumbered by your armour.
You see here a bat corpse.
You enter the shallow water.
Moving in this stuff is going to be slow.
There is a staircase leading out of the dungeon here.
You have escaped!

......###
~~≈≈≈~≈≈.....#
≈~.~~≈≈≈≈~≈≈#.#
~.©.~≈≈≈≈≈≈≈~.###
..>♣~≈≈≈≈≈≈≈≈≈..
~.©.~≈≈≈~≈≈≈≈~#
≈~.~~≈~~.~~≈≈~####
≈~~≈≈≈~.©.~≈≈....#
≈≈≈≈≈≈~♣@..≈.~...###
#.#
≈≈≈≈≈≈~.©.~.≈~.....#
#.#
≈≈≈≈≈≈≈~.~≈≈≈≈#.##.#
#.#
#.≈≈~≈≈≈~≈≈≈≈~#.##.#
#.#
#....~≈≈≈≈≈≈~.#.##.#
#.#
####...#.........#.#
#.# #...#.####..†...#
#.#
#...#.###......†###.#
#..##.##............#


There were no monsters in sight!

Vanquished Creatures
  A ball python (D:1)
  A bat (D:1)
  2 goblins (D:1)
  A quokka (D:1)
  A frilled lizard (D:1)
  A kobold (D:1)
7 creatures vanquished.

Notes
Turn   | Place    | Note
-------+----------+-------------------------------------------
     0 | D:1      | browni3141 the Demonspawn Hunter began the quest for the
                  | Orb.
     0 | D:1      | Reached XP level 1. HP: 16/16 MP: 1/1
    19 | D:1      | Reached skill level 1 in Stealth
    76 | D:1      | Gained mutation: Your movements are slightly less
                  | encumbered by armour. (ER -2) [demonic ancestry]
    76 | D:1      | Reached XP level 2. HP: 22/22 MP: 2/2
    98 | D:$      | Got out of the dungeon alive.

Illustrated notes

Levels and vault maps discovered:
D:1:      spicycebolla_arrival_transporter_tutorial, layout_loops_ring,
          serial_shops, shop, shop, shop, shop, shop, minivault_24,
          nicolae_the_louvre

Skill      XL: |  1 |
---------------+----+-----
Stealth        | 1 |  1.2
Dodging        | 2 |  2.0
Fighting       | |  2.1
Ranged Weapons | |  3.7

Action                     || total
---------------------------++-------
   Fire: Shortbow          ||    33
 Armour: Leather armour    ||    10
  Dodge: Dodged            ||    13
